[Event "94th FRA-ch Open C 2019"]
[Site "Chartres"]
[Date "2019.08.21"]
[Round "5.1"]
[White "Deswarte, Come"]
[Black "Leclerc, Alain"]
[Result "0-1"]
[ECO "B18"]
[WhiteElo "1628"]
[BlackElo "1787"]
[Annotator "NA"]
[PlyCount "48"]
[EventDate "2019.08.17"]
[EventType "swiss"]
[EventCountry "FRA"]
[SourceTitle "playchess.com"]
[Source "ChessBase"]
[SourceQuality "1"]
[TimeControl "40/5400+30:1800+30"]

1. e4 c6 2. d4 d5 3. Nc3 dxe4 4. Nxe4 Bf5 5. Ng3 Bg6 6. h4 h6 7. Nh3 Nd7 8. Nf4 Bh7 9. Bc4 e6 10. Qe2 Qe7 11. O-O O-O-O 12. h5 Qh4 13. b4 Bd6 14. Qf3 Nb6 15. Be2 Bxc2 16. b5 Ne7 17. bxc6 Nxc6 18. Be3 e5 19. Nd5 Nxd5 20. Qxd5 exd4 21. Rac1 dxe3 22. Rxc2 exf2+ 23. Rxf2 Bxg3 24. Rxc6+ Kb8 0-1

[Event "94th FRA-ch Open C 2019"]
[Site "Chartres"]
[Date "2019.08.21"]
[Round "5.2"]
[White "Noyer, Bastien"]
[Black "Brun, Pierre"]
[Result "0-1"]
[ECO "C00"]
[WhiteElo "1618"]
[BlackElo "1648"]
[Annotator "NA"]
[PlyCount "104"]
[EventDate "2019.08.17"]
[EventType "swiss"]
[EventCountry "FRA"]
[SourceTitle "playchess.com"]
[Source "ChessBase"]
[SourceQuality "1"]
[TimeControl "40/5400+30:1800+30"]

1. e4 e6 2. b3 d5 3. Bb2 Nf6 4. exd5 exd5 5. Nf3 Bd6 6. Nc3 O-O 7. Be2 c6 8. d4 Re8 9. Qd2 Qc7 10. g3 Bg4 11. O-O-O Nbd7 12. Nh4 Bxe2 13. Nxe2 a5 14. f3 a4 15. Nf5 Bf8 16. Kb1 axb3 17. cxb3 b5 18. h4 Qa5 19. Nc3 Nb6 20. Qg5 Ra7 21. a3 Kh8 22. h5 Ng8 23. Rde1 Rxe1+ 24. Rxe1 h6 25. Qg4 Nf6 26. b4 Qa6 27. Qh4 Nc4 28. Nxh6 Nxb2 29. Nxf7+ Rxf7 30. h6 g6 31. Kxb2 Qc8 32. Qg5 Kh7 33. g4 Qd7 34. Qh4 Qd6 35. g5 Nh5 36. Re5 Rxf3 37. Qe1 Rf7 38. Re6 Qd7 39. Re2 Re7 40. Qf2 Rxe2+ 41. Nxe2 Qf5 42. Qe3 Qe4 43. Qf2 Qe8 44. Ng1 Bd6 45. Ne2 Qf8 46. Qe3 Qf7 47. Qc3 Qf2 48. Qxc6 Qxe2+ 49. Kb1 Qd3+ 50. Kb2 Qxd4+ 51. Kb1 Qd3+ 52. Kb2 Be5+ 0-1

[Event "94th FRA-ch Open C 2019"]
[Site "Chartres"]
[Date "2019.08.21"]
[Round "5.3"]
[White "Guliyev, Tofig"]
[Black "Sithisak, Remi"]
[Result "1/2-1/2"]
[ECO "E81"]
[WhiteElo "1615"]
[BlackElo "1635"]
[Annotator "NA"]
[PlyCount "103"]
[EventDate "2019.08.17"]
[EventType "swiss"]
[EventCountry "FRA"]
[SourceTitle "playchess.com"]
[Source "ChessBase"]
[SourceQuality "1"]
[TimeControl "40/5400+30:1800+30"]

1. d4 Nf6 2. c4 g6 3. Nc3 Bg7 4. e4 d6 5. f3 O-O 6. Be3 c5 7. d5 e6 8. Nge2 a6 9. Qd2 exd5 10. Nxd5 Nxd5 11. cxd5 b5 12. O-O-O Re8 13. g4 a5 14. Ng3 b4 15. h4 a4 16. g5 Na6 17. h5 b3 18. a3 Nb4 19. Bc4 Nc2 20. hxg6 hxg6 21. Rh4 Ba6 22. Bxa6 Rxa6 23. Rdh1 Nxe3 24. Qxe3 Qa5 25. f4 Qb5 26. R1h2 Qc4+ 27. Kb1 Qd4 28. Qxd4 cxd4 29. f5 gxf5 30. Nxf5 Be5 31. Rg2 Ra5 32. Rd2 Rc5 33. Nxd4 Bxd4 34. Rxd4 Rec8 35. Rh1 Rc4 36. Rxc4 Rxc4 37. Re1 Kg7 38. e5 dxe5 39. Rxe5 Kg6 40. d6 Rd4 41. Kc1 Rxd6 42. Ra5 Rd4 43. Rc5 Rg4 44. Ra5 Rxg5 45. Rxa4 Rc5+ 46. Kd2 Rc2+ 47. Kd3 Rxb2 48. Kc3 Rh2 49. Kxb3 Rh3+ 50. Kb4 f5 51. Ra8 f4 52. Rf8 1/2-1/2

[Event "94th FRA-ch Open C 2019"]
[Site "Chartres"]
[Date "2019.08.21"]
[Round "5.4"]
[White "Silvera, Ruben"]
[Black "Shefay, Paul"]
[Result "0-1"]
[ECO "B22"]
[WhiteElo "1747"]
[BlackElo "1680"]
[Annotator "NA"]
[PlyCount "144"]
[EventDate "2019.08.17"]
[EventType "swiss"]
[EventCountry "FRA"]
[SourceTitle "playchess.com"]
[Source "ChessBase"]
[SourceQuality "1"]
[TimeControl "40/5400+30:1800+30"]

1. e4 c5 2. Nf3 Nc6 3. Bb5 d6 4. O-O Bd7 5. c3 g6 6. d4 Bg7 7. Be3 cxd4 8. cxd4 Nf6 9. Nc3 O-O 10. h3 a6 11. Be2 Rc8 12. d5 Ne5 13. Nd2 b5 14. Qb3 Be8 15. a4 bxa4 16. Nxa4 Rb8 17. Qc2 Bb5 18. Bxb5 axb5 19. Nc3 Nc4 20. Nxc4 bxc4 21. Ne2 Nd7 22. Qxc4 Rxb2 23. Bd4 Ne5 24. Qa6 Rc2 25. f4 Nd7 26. Bxg7 Kxg7 27. Nd4 Rc8 28. Nc6 Qe8 29. Rfe1 Nb8 30. Qb7 Nxc6 31. dxc6 Rxc6 32. Ra7 e6 33. Rea1 Qc8 34. Qb2+ Kg8 35. Qf6 Rc1+ 36. Kh2 Rxa1 37. Rxa1 Qd8 38. Qd4 Qc7 39. Ra7 Qb8 40. Ra3 e5 41. Qd2 exf4 42. Qxf4 Qc7 43. Rd3 Rd8 44. Rd5 Qe7 45. e5 dxe5 46. Rxd8+ Qxd8 47. Qxe5 h5 48. g3 Qc8 49. Qd5 Qe6 50. Qd8+ Kg7 51. Qd4+ Qf6 52. Qe3 Qd6 53. h4 Qe6 54. Qd4+ Kh7 55. Qf4 Qe2+ 56. Kh3 Qa2 57. Qe3 Qe6+ 58. Qxe6 fxe6 59. Kg2 Kg7 60. Kf3 Kf6 61. Kf4 e5+ 62. Ke4 Ke6 63. Ke3 Kf5 64. Kf3 e4+ 65. Ke3 Ke5 66. Kf2 Kd4 67. Ke2 e3 68. Ke1 Kd3 69. Kd1 Kd4 70. Ke1 Ke5 71. Ke2 Ke4 72. Ke1 Kf3 0-1

[Event "94th FRA-ch Open C 2019"]
[Site "Chartres"]
[Date "2019.08.21"]
[Round "5.5"]
[White "Rouquier, Matthias"]
[Black "Varin, Pierre-antoine"]
[Result "1/2-1/2"]
[ECO "A96"]
[WhiteElo "1735"]
[BlackElo "1677"]
[Annotator "NA"]
[PlyCount "80"]
[EventDate "2019.08.17"]
[EventType "swiss"]
[EventCountry "FRA"]
[SourceTitle "playchess.com"]
[Source "ChessBase"]
[SourceQuality "1"]
[TimeControl "40/5400+30:1800+30"]

1. d4 e6 2. c4 f5 3. Nf3 Nf6 4. g3 Be7 5. Bg2 O-O 6. O-O d6 7. Nc3 Ne4 8. Qc2 Nxc3 9. Qxc3 Bf6 10. Qc2 g6 11. Rd1 Nc6 12. Be3 Qe7 13. d5 Nb4 14. Qd2 Na6 15. dxe6 Bxe6 16. Nd4 Bc8 17. Nb3 Re8 18. Bf3 Rd8 19. c5 Nxc5 20. Nxc5 dxc5 21. Qxd8+ Qxd8 22. Rxd8+ Bxd8 23. Bxc5 Bf6 24. Rd1 c6 25. b4 Be6 26. a4 a6 27. e4 fxe4 28. Bxe4 Kf7 29. h4 Rd8 30. Rxd8 Bxd8 31. Be3 Bb3 32. a5 Bd5 33. Bd3 Be7 34. Bd2 h5 35. f4 Bf6 36. Kf2 Bd4+ 37. Be3 Bc3 38. Bc5 Bd2 39. Ke2 Bc3 40. Kf2 Be6 1/2-1/2

[Event "94th FRA-ch Open C 2019"]
[Site "Chartres"]
[Date "2019.08.21"]
[Round "5.6"]
[White "Bele, Charles"]
[Black "Dereusme, Jean-Marc"]
[Result "1-0"]
[ECO "C90"]
[WhiteElo "1678"]
[BlackElo "1727"]
[Annotator "NA"]
[PlyCount "75"]
[EventDate "2019.08.17"]
[EventType "swiss"]
[EventCountry "FRA"]
[SourceTitle "playchess.com"]
[Source "ChessBase"]
[SourceQuality "1"]
[TimeControl "40/5400+30:1800+30"]

1. e4 e5 2. Nf3 Nc6 3. Bc4 Be7 4. O-O Nf6 5. d3 O-O 6. Re1 d6 7. c3 Na5 8. Bb5 c5 9. Nbd2 a6 10. Ba4 b5 11. Bc2 Nc6 12. Nf1 h6 13. Ng3 Re8 14. h3 Bf8 15. d4 Qc7 16. d5 Ne7 17. Nh4 g6 18. Be3 Bg7 19. Qd2 Kh7 20. Nf3 Neg8 21. Nh2 Qe7 22. a4 Bd7 23. Ra2 Reb8 24. axb5 axb5 25. Rea1 Qe8 26. b3 Qc8 27. Bd1 Qb7 28. b4 c4 29. Ba7 Rf8 30. Ra5 h5 31. Be3 h4 32. Ngf1 Nxe4 33. Qc2 Bf5 34. Bg4 Bxg4 35. Qxe4 Bf5 36. Qxh4+ Bh6 37. g4 Bd3 38. Bxh6 1-0

[Event "94th FRA-ch Open C 2019"]
[Site "Chartres"]
[Date "2019.08.22"]
[Round "6.1"]
[White "Leclerc, Alain"]
[Black "Brun, Pierre"]
[Result "1/2-1/2"]
[ECO "C02"]
[WhiteElo "1787"]
[BlackElo "1648"]
[Annotator "NA"]
[PlyCount "61"]
[EventDate "2019.08.17"]
[EventType "swiss"]
[EventCountry "FRA"]
[SourceTitle "playchess.com"]
[Source "ChessBase"]
[SourceQuality "1"]
[TimeControl "40/5400+30:1800+30"]

1. e4 e6 2. d4 d5 3. e5 c5 4. c3 Nc6 5. Nf3 Bd7 6. Be2 f6 7. exf6 Nxf6 8. O-O cxd4 9. Nxd4 e5 10. Nb3 Bd6 11. Bg5 Be6 12. N1d2 O-O 13. Nf3 Qc7 14. h3 Rad8 15. Nh2 e4 16. Ng4 Bf4 17. Nxf6+ gxf6 18. Bxf4 Qxf4 19. Nd4 Nxd4 20. Qxd4 Qg5 21. Qe3 Qg7 22. Kh2 b6 23. Qg3 f5 24. Qxg7+ Kxg7 25. Rad1 f4 26. Rd4 Kf6 27. Rfd1 Ke5 28. Re1 Rg8 29. Bd1 Rc8 30. Be2 a5 31. a3 1/2-1/2

[Event "94th FRA-ch Open C 2019"]
[Site "Chartres"]
[Date "2019.08.22"]
[Round "6.2"]
[White "Sithisak, Remi"]
[Black "Masalles, Gabriel"]
[Result "1-0"]
[ECO "E60"]
[WhiteElo "1635"]
[BlackElo "1723"]
[Annotator "NA"]
[PlyCount "119"]
[EventDate "2019.08.17"]
[EventType "swiss"]
[EventCountry "FRA"]
[SourceTitle "playchess.com"]
[Source "ChessBase"]
[SourceQuality "1"]
[TimeControl "40/5400+30:1800+30"]

1. d4 Nf6 2. c4 g6 3. h4 Bg7 4. Nc3 d6 5. e4 O-O 6. h5 Nc6 7. h6 Bh8 8. Bg5 Nd7 9. Nf3 Bf6 10. Bxf6 exf6 11. Bd3 Re8 12. O-O Nf8 13. d5 Ne5 14. Nxe5 fxe5 15. f4 Qh4 16. fxe5 Rxe5 17. Qf3 Re7 18. e5 Qd4+ 19. Rf2 Qxe5 20. Re2 Qd4+ 21. Qf2 Qxf2+ 22. Rxf2 Re3 23. Bc2 a6 24. Ne4 f5 25. Raf1 Nd7 26. Rf4 Ne5 27. Nf6+ Kh8 28. Kf2 g5 29. Kxe3 gxf4+ 30. Rxf4 Nf7 31. Rh4 Ne5 32. b3 Ng4+ 33. Nxg4 fxg4 34. Bd1 Bf5 35. Bxg4 Re8+ 36. Kf3 Bb1 37. a3 Ba2 38. Bd7 Rf8+ 39. Rf4 Rxf4+ 40. Kxf4 Bxb3 41. Bc8 Bxc4 42. Bxb7 Kg8 43. g4 Kf7 44. g5 Kg6 45. Bc6 Kf7 46. Kf5 Bd3+ 47. Kg4 Be2+ 48. Kf4 Bc4 49. Bb7 Kg6 50. Bc8 Kf7 51. Be6+ Kf8 52. g6 hxg6 53. Kg5 Bd3 54. Kf6 g5 55. Bf5 Bxf5 56. Kxf5 a5 57. Kxg5 a4 58. Kg6 Kg8 59. h7+ Kh8 60. Kh6 1-0

[Event "94th FRA-ch Open C 2019"]
[Site "Chartres"]
[Date "2019.08.22"]
[Round "6.3"]
[White "Cregut, Marian"]
[Black "Guliyev, Tofig"]
[Result "1/2-1/2"]
[ECO "B52"]
[WhiteElo "1717"]
[BlackElo "1615"]
[Annotator "NA"]
[PlyCount "71"]
[EventDate "2019.08.17"]
[EventType "swiss"]
[EventCountry "FRA"]
[SourceTitle "playchess.com"]
[Source "ChessBase"]
[SourceQuality "1"]
[TimeControl "40/5400+30:1800+30"]

1. e4 c5 2. Nf3 d6 3. Bb5+ Bd7 4. Bxd7+ Nxd7 5. O-O Ngf6 6. Re1 e6 7. d4 cxd4 8. Qxd4 Be7 9. c4 O-O 10. Bg5 Qc7 11. Nc3 a6 12. Rac1 Rac8 13. b3 Rfd8 14. h3 h6 15. Bh4 Ne5 16. Nxe5 dxe5 17. Qe3 g5 18. Bg3 Bc5 19. Qf3 Nd7 20. Red1 Qc6 21. Rd3 Kg7 22. Rcd1 f6 23. h4 Qc7 24. Qg4 Nf8 25. hxg5 hxg5 26. Kf1 Rxd3 27. Rxd3 Rd8 28. Rxd8 Qxd8 29. Qd1 Qd4 30. Qxd4 exd4 31. Na4 Bb4 32. Nb2 e5 33. Nd3 Be7 34. f3 Nd7 35. Be1 Kf7 36. Bg3 1/2-1/2

[Event "94th FRA-ch Open C 2019"]
[Site "Chartres"]
[Date "2019.08.22"]
[Round "6.4"]
[White "Chaillou, Vincent"]
[Black "Arendo, Marc"]
[Result "1-0"]
[ECO "C31"]
[WhiteElo "1654"]
[BlackElo "1694"]
[Annotator "NA"]
[PlyCount "113"]
[EventDate "2019.08.17"]
[EventType "swiss"]
[EventCountry "FRA"]
[SourceTitle "playchess.com"]
[Source "ChessBase"]
[SourceQuality "1"]
[TimeControl "40/5400+30:1800+30"]

1. e4 e5 2. f4 d5 3. exd5 Qxd5 4. Nc3 Qe6 5. fxe5 Qxe5+ 6. Qe2 Bd6 7. Nf3 Qxe2+ 8. Bxe2 Nf6 9. Nb5 Nc6 10. Nxd6+ cxd6 11. c3 Bf5 12. d4 O-O 13. Bf4 Rad8 14. Bg5 Rfe8 15. Bxf6 gxf6 16. Kf2 d5 17. Rhe1 Re6 18. Bb5 Rde8 19. Re2 a6 20. Rxe6 fxe6 21. Bf1 e5 22. dxe5 fxe5 23. Re1 Kf7 24. Ke3 Kf6 25. h3 h6 26. g4 Be6 27. Bg2 d4+ 28. cxd4 exd4+ 29. Kd2 Rd8 30. b3 Bd5 31. Nh4 Ne5 32. Bxd5 Rxd5 33. Rf1+ Kg5 34. Nf3+ Nxf3+ 35. Rxf3 h5 36. gxh5 Kxh5 37. Rf4 d3 38. Rf3 Kh4 39. Rxd3 Rg5 40. Kc3 a5 41. a3 b5 42. Kd4 Rf5 43. b4 a4 44. Re3 Rg5 45. Rc3 Rf5 46. Ke4 Rg5 47. Kf4 Rd5 48. Ke4 Rg5 49. Kd4 Rf5 50. Rc5 Rf3 51. Rxb5 Rxa3 52. Ra5 Kxh3 53. b5 Kg4 54. b6 Rb3 55. Kc5 a3 56. Kc6 Rc3+ 57. Kb7 1-0

[Event "94th FRA-ch Open C 2019"]
[Site "Chartres"]
[Date "2019.08.22"]
[Round "6.5"]
[White "Shefay, Paul"]
[Black "Castanet, Clement"]
[Result "1/2-1/2"]
[ECO "C25"]
[WhiteElo "1680"]
[BlackElo "1650"]
[Annotator "NA"]
[PlyCount "170"]
[EventDate "2019.08.17"]
[EventType "swiss"]
[EventCountry "FRA"]
[SourceTitle "playchess.com"]
[Source "ChessBase"]
[SourceQuality "1"]
[TimeControl "40/5400+30:1800+30"]

1. e4 e5 2. Nc3 Nc6 3. g3 Bc5 4. Bg2 d6 5. Nf3 Bg4 6. h3 Be6 7. Na4 Bb6 8. Nxb6 axb6 9. b3 Nge7 10. d3 h6 11. O-O Qd7 12. Kh2 g5 13. d4 exd4 14. Nxd4 Rf8 15. f4 Nxd4 16. Qxd4 Nc6 17. Qf6 Qe7 18. fxg5 hxg5 19. Bxg5 Qxf6 20. Bxf6 Kd7 21. a4 Rg8 22. Rad1 Ra5 23. Rfe1 Rg6 24. e5 Rc5 25. c4 Bf5 26. Re3 Rh6 27. Bg5 Re6 28. Bf6 Nxe5 29. Bxe5 Rcxe5 30. Rf3 Bg6 31. Rd2 Re2 32. Rf2 R2e3 33. Rb2 Rc3 34. Rf3 Rxf3 35. Bxf3 c6 36. Bg4 f5 37. Bf3 Re3 38. Kg2 Rc3 39. h4 Ke6 40. Kf2 Kf6 41. Be2 Bf7 42. Bd1 d5 43. cxd5 Bxd5 44. b4 Rd3 45. Be2 Rc3 46. b5 Rb3 47. Rd2 Ra3 48. bxc6 bxc6 49. Rb2 Rb3 50. Rd2 Rb4 51. Bf3 Bxf3 52. Kxf3 Rb3+ 53. Kf2 c5 54. Ra2 Rc3 55. a5 bxa5 56. Rxa5 Kg6 57. Ra6+ Kg7 58. h5 Rc1 59. Rc6 c4 60. Kf3 Rf1+ 61. Kg2 Rc1 62. Kf3 Rf1+ 63. Ke3 Rh1 64. Rxc4 Rxh5 65. Rc6 Rh1 66. Kf4 Rf1+ 67. Kg5 Rg1 68. Rc7+ Kf8 69. Rc3 Rf1 70. Rc4 Rg1 71. Rc3 Rf1 72. Kf6 Ke8 73. Rc4 Rg1 74. Rc8+ Kd7 75. Rc3 Rf1 76. Rd3+ Ke8 77. Kg5 Kf7 78. Rd5 Ke6 79. Ra5 Rg1 80. Ra6+ Ke5 81. Ra5+ Ke6 82. Kf4 Rf1+ 83. Kg5 Rg1 84. Ra3 Ke5 85. Ra5+ Ke6 1/2-1/2

[Event "94th FRA-ch Open C 2019"]
[Site "Chartres"]
[Date "2019.08.22"]
[Round "6.6"]
[White "Rocher, Guillaume"]
[Black "Bele, Charles"]
[Result "1-0"]
[ECO "D35"]
[WhiteElo "1620"]
[BlackElo "1678"]
[Annotator "NA"]
[PlyCount "117"]
[EventDate "2019.08.17"]
[EventType "swiss"]
[EventCountry "FRA"]
[SourceTitle "playchess.com"]
[Source "ChessBase"]
[SourceQuality "1"]
[TimeControl "40/5400+30:1800+30"]

1. d4 d5 2. Bg5 h6 3. Bh4 Bf5 4. Nf3 Nd7 5. e3 Ngf6 6. c4 c6 7. Nc3 e6 8. cxd5 exd5 9. Bd3 Bxd3 10. Qxd3 Be7 11. O-O O-O 12. Bg3 Nh5 13. Be5 Nhf6 14. Bf4 Re8 15. Ne5 Nxe5 16. Bxe5 Bd6 17. Bxd6 Qxd6 18. Qf5 Qe6 19. Qf3 Ne4 20. Nxe4 Qxe4 21. Qxe4 Rxe4 22. Rac1 Kf8 23. Rc3 Ke7 24. Rb3 Rb8 25. Rc1 Kd6 26. Ra3 a6 27. Rcc3 Ra8 28. Rab3 Kc7 29. Rc2 Rae8 30. Kf1 f5 31. Rc1 f4 32. Re1 fxe3 33. Rbxe3 Kd6 34. Ke2 b6 35. Kd3 Rxe3+ 36. fxe3 c5 37. Rf1 Re7 38. Rf8 Ra7 39. Rb8 c4+ 40. Kd2 b5 41. Rb6+ Kc7 42. Rg6 Kb8 43. Rd6 Rf7 44. Ke2 Kb7 45. Rxd5 Kc6 46. Re5 Rf6 47. g3 g6 48. e4 h5 49. Rc5+ Kb6 50. e5 Rc6 51. Rxc6+ Kxc6 52. e6 a5 53. d5+ Kd6 54. Kd2 b4 55. Ke3 a4 56. Kd2 Ke7 57. a3 c3+ 58. bxc3 bxa3 59. Kc2 1-0

[Event "94th FRA-ch Open C 2019"]
[Site "Chartres"]
[Date "2019.08.23"]
[Round "7.1"]
[White "Brun, Pierre"]
[Black "Sithisak, Remi"]
[Result "0-1"]
[ECO "A45"]
[WhiteElo "1648"]
[BlackElo "1635"]
[Annotator "NA"]
[PlyCount "56"]
[EventDate "2019.08.17"]
[EventType "swiss"]
[EventCountry "FRA"]
[SourceTitle "playchess.com"]
[Source "ChessBase"]
[SourceQuality "1"]
[TimeControl "40/5400+30:1800+30"]

1. d4 Nf6 2. Bf4 g6 3. Nc3 d5 4. e3 Bg7 5. Bd3 O-O 6. h4 h5 7. Nh3 c5 8. dxc5 Nc6 9. Bg5 Qa5 10. Kf1 Qxc5 11. Ne2 e5 12. c3 Ng4 13. b4 Qb6 14. e4 dxe4 15. Bxe4 f6 16. Bd5+ Kh8 17. Bc1 Rd8 18. f3 Ne3+ 19. Bxe3 Qxe3 20. Qb3 Ne7 21. Rd1 Nxd5 22. Rxd5 Be6 23. Rxd8+ Rxd8 24. Qb1 Bxa2 25. Qe1 Bb3 26. Nf2 Rd2 27. g4 Bc4 28. Kg2 Bxe2 0-1

[Event "94th FRA-ch Open C 2019"]
[Site "Chartres"]
[Date "2019.08.23"]
[Round "7.2"]
[White "Guliyev, Tofig"]
[Black "Leclerc, Alain"]
[Result "1/2-1/2"]
[ECO "A84"]
[WhiteElo "1615"]
[BlackElo "1787"]
[Annotator "NA"]
[PlyCount "90"]
[EventDate "2019.08.17"]
[EventType "swiss"]
[EventCountry "FRA"]
[SourceTitle "playchess.com"]
[Source "ChessBase"]
[SourceQuality "1"]
[TimeControl "40/5400+30:1800+30"]

1. d4 d5 2. c4 e6 3. Nc3 f5 4. Nf3 Nf6 5. Bf4 c6 6. e3 Bd6 7. Bxd6 Qxd6 8. Bd3 Nbd7 9. O-O Ne4 10. Qb3 Ndf6 11. Rfc1 O-O 12. Rc2 Kh8 13. Ne5 Nxc3 14. bxc3 Rb8 15. Qa4 Ra8 16. Rb1 Nd7 17. Nxd7 Qxd7 18. Rcb2 Qe7 19. f4 h6 20. Qb4 Qxb4 21. Rxb4 Rf7 22. cxd5 exd5 23. c4 dxc4 24. Bxc4 Re7 25. Kf2 b6 26. Rd1 Be6 27. Bxe6 Rxe6 28. Rc4 Rd8 29. Rdc1 Rdd6 30. h3 g6 31. g4 Kg7 32. Kf3 Kf6 33. R1c3 Ke7 34. Rc2 Kd7 35. Rg2 Rd5 36. gxf5 gxf5 37. Rg7+ Kd6 38. Rxa7 Rb5 39. Rc2 Rb1 40. Ra3 Rh1 41. Kg2 Re1 42. Kf2 Rh1 43. Kg2 Re1 44. Kf2 Kd5 45. Rac3 Kd6 1/2-1/2

[Event "94th FRA-ch Open C 2019"]
[Site "Chartres"]
[Date "2019.08.23"]
[Round "7.3"]
[White "Cresswell, Patrick"]
[Black "Rocher, Guillaume"]
[Result "1-0"]
[ECO "D02"]
[WhiteElo "1664"]
[BlackElo "1620"]
[Annotator "NA"]
[PlyCount "109"]
[EventDate "2019.08.17"]
[EventType "swiss"]
[EventCountry "FRA"]
[SourceTitle "playchess.com"]
[Source "ChessBase"]
[SourceQuality "1"]
[TimeControl "40/5400+30:1800+30"]

1. d4 Nf6 2. Bf4 d5 3. Nf3 c5 4. e3 Nc6 5. c3 Bg4 6. Nbd2 e6 7. h3 Bxf3 8. Nxf3 c4 9. Be2 h6 10. Ne5 Nxe5 11. Bxe5 Bd6 12. Qa4+ Qd7 13. Qxd7+ Kxd7 14. Bxf6 gxf6 15. e4 Rab8 16. exd5 exd5 17. Bg4+ Kc6 18. O-O h5 19. Bf3 b5 20. b4 Ra8 21. a4 a6 22. Ra2 Bf4 23. Rfa1 bxa4 24. Rxa4 Bd2 25. Rxa6+ Rxa6 26. Rxa6+ Kd7 27. Bxd5 Bxc3 28. Rxf6 Bxb4 29. Rxf7+ Be7 30. Bxc4 Rc8 31. Bb5+ Ke6 32. Rf3 Rc1+ 33. Bf1 Bd6 34. g3 Rd1 35. d5+ Kxd5 36. Rf5+ Ke6 37. Rxh5 Kf7 38. Kg2 Kg6 39. Ra5 Kg7 40. Rg5+ Kf6 41. Rg4 Rd2 42. h4 Bc5 43. Rf4+ Kg6 44. Bb5 Rb2 45. Be8+ Kg7 46. h5 Re2 47. Bc6 Rc2 48. Be4 Rb2 49. g4 Rb4 50. g5 Bd6 51. Rg4 Rb8 52. h6+ Kh8 53. g6 Bg3 54. g7+ Kg8 55. h7+ 1-0

[Event "94th FRA-ch Open C 2019"]
[Site "Chartres"]
[Date "2019.08.23"]
[Round "7.4"]
[White "Deswarte, Come"]
[Black "Chaillou, Vincent"]
[Result "0-1"]
[ECO "B54"]
[WhiteElo "1628"]
[BlackElo "1654"]
[Annotator "NA"]
[PlyCount "40"]
[EventDate "2019.08.17"]
[EventType "swiss"]
[EventCountry "FRA"]
[SourceTitle "playchess.com"]
[Source "ChessBase"]
[SourceQuality "1"]
[TimeControl "40/5400+30:1800+30"]

1. e4 c5 2. Nf3 d6 3. d4 cxd4 4. Nxd4 e5 5. Nb3 Nf6 6. Bg5 Be7 7. Bb5+ Nc6 8. Bxf6 Bxf6 9. O-O Be6 10. Na3 O-O 11. Bc4 Bxc4 12. Nxc4 Be7 13. Qd2 Rc8 14. Rad1 Nd4 15. Nxd4 Rxc4 16. Nf5 Rxe4 17. Nxd6 Rd4 18. Nxb7 Rxd2 19. Nxd8 Rfxd8 20. Rc1 Rc8 0-1

[Event "94th FRA-ch Open C 2019"]
[Site "Chartres"]
[Date "2019.08.23"]
[Round "7.5"]
[White "Castanet, Clement"]
[Black "Cregut, Marian"]
[Result "0-1"]
[ECO "B57"]
[WhiteElo "1650"]
[BlackElo "1717"]
[Annotator "NA"]
[PlyCount "78"]
[EventDate "2019.08.17"]
[EventType "swiss"]
[EventCountry "FRA"]
[SourceTitle "playchess.com"]
[Source "ChessBase"]
[SourceQuality "1"]
[TimeControl "40/5400+30:1800+30"]

1. e4 c5 2. Nf3 Nc6 3. d4 cxd4 4. Nxd4 Nf6 5. Nc3 d6 6. Bc4 Qb6 7. Nxc6 bxc6 8. O-O g6 9. Bb3 Bg7 10. Re1 O-O 11. Be3 Qc7 12. Qd2 Rd8 13. Bd4 e5 14. Be3 a5 15. f3 Kh8 16. Rad1 Nh5 17. Na4 Rb8 18. Qf2 c5 19. c4 Nf4 20. Nc3 Ne6 21. Nd5 Qd7 22. Qc2 Qb7 23. Rd2 Nd4 24. Bxd4 cxd4 25. Ba4 Be6 26. b3 Rdc8 27. Qd1 f5 28. Ree2 Rf8 29. Rc2 fxe4 30. fxe4 Bg4 31. Qd2 Bxe2 32. Qxe2 Rf7 33. Rc1 Rbf8 34. a3 Bh6 35. Rb1 Be3+ 36. Kh1 Rf2 37. Qd1 Qf7 38. Nxe3 dxe3 39. Kg1 e2 0-1

[Event "94th FRA-ch Open C 2019"]
[Site "Chartres"]
[Date "2019.08.23"]
[Round "7.6"]
[White "Pham, Virgile"]
[Black "Croisille, Shanti"]
[Result "1-0"]
[ECO "B53"]
[WhiteElo "1622"]
[BlackElo "1695"]
[Annotator "NA"]
[PlyCount "117"]
[EventDate "2019.08.17"]
[EventType "swiss"]
[EventCountry "FRA"]
[SourceTitle "playchess.com"]
[Source "ChessBase"]
[SourceQuality "1"]
[TimeControl "40/5400+30:1800+30"]

1. e4 c5 2. Nf3 d6 3. d4 cxd4 4. Qxd4 Nc6 5. Bb5 Bd7 6. Bxc6 Bxc6 7. Nc3 Nf6 8. Bg5 e6 9. Bxf6 gxf6 10. Qe3 Rg8 11. O-O Qa5 12. Nd4 Bd7 13. Rad1 Qh5 14. f4 O-O-O 15. f5 Bh6 16. Qf3 Qxf3 17. Rxf3 a6 18. fxe6 fxe6 19. Rxf6 Bg5 20. Rf7 h6 21. Nf3 Be3+ 22. Kh1 Bc6 23. Re1 Ba7 24. Rf6 d5 25. Rxe6 dxe4 26. Nxe4 Rdf8 27. Rf6 Rxf6 28. Nxf6 Rg6 29. Nh5 Bb5 30. Nf4 Rc6 31. Re8+ Kc7 32. Re7+ Kc8 33. c3 Rd6 34. h3 Bc6 35. Re1 Bf2 36. Rf1 Be3 37. Ne2 Bb5 38. Nfd4 Bxe2 39. Rf8+ Kc7 40. Nxe2 Rd2 41. Nf4 Kd7 42. Ng6 Rxb2 43. Ne5+ Kc7 44. Nc4 Rb1+ 45. Kh2 Bg5 46. Rf7+ Kb8 47. Kg3 Rc1 48. Rf3 Kc7 49. h4 Be7 50. Ne3 Bd6+ 51. Kg4 Be5 52. Kh5 Kc6 53. Kxh6 Bxc3 54. g4 Bd2 55. g5 Ra1 56. g6 Rg1 57. h5 b5 58. Kh7 Bc3 59. h6 {[%emt 0:06:28] Kd5} 1-0

[Event "94th FRA-ch Open C 2019"]
[Site "Chartres"]
[Date "2019.08.24"]
[Round "8.1"]
[White "Leclerc, Alain"]
[Black "Sithisak, Remi"]
[Result "1-0"]
[ECO "B23"]
[WhiteElo "1787"]
[BlackElo "1635"]
[Annotator "NA"]
[PlyCount "61"]
[EventDate "2019.08.17"]
[EventType "swiss"]
[EventCountry "FRA"]
[SourceTitle "playchess.com"]
[Source "ChessBase"]
[SourceQuality "1"]
[TimeControl "40/5400+30:1800+30"]

1. e4 c5 2. Nc3 e6 3. Nge2 a6 4. a4 d5 5. exd5 exd5 6. d4 Nc6 7. dxc5 Bxc5 8. Nxd5 Nge7 9. Nec3 Be6 10. Bc4 Nb4 11. Be3 Nbxd5 12. Bxc5 Nxc3 13. Qxd8+ Rxd8 14. Bxe6 Ne4 15. Bxe7 Kxe7 16. Bf5 Nc5 17. O-O Kf6 18. Bg4 Rd2 19. Bd1 Rhd8 20. a5 Ne4 21. Bf3 Nd6 22. Rac1 Rd7 23. Rfd1 Nc4 24. Rxd2 Nxd2 25. Be2 Rc7 26. Bd3 Nb3 27. Re1 Nxa5 28. f4 Nc6 29. Re4 a5 30. g4 Nb4 31. g5+ 1-0

[Event "94th FRA-ch Open C 2019"]
[Site "Chartres"]
[Date "2019.08.24"]
[Round "8.2"]
[White "Chaillou, Vincent"]
[Black "Cresswell, Patrick"]
[Result "0-1"]
[ECO "B07"]
[WhiteElo "1654"]
[BlackElo "1664"]
[Annotator "NA"]
[PlyCount "98"]
[EventDate "2019.08.17"]
[EventType "swiss"]
[EventCountry "FRA"]
[SourceTitle "playchess.com"]
[Source "ChessBase"]
[SourceQuality "1"]
[TimeControl "40/5400+30:1800+30"]

1. e4 d6 2. d4 Nf6 3. Nc3 g6 4. Be3 Bg7 5. Qd2 c6 6. Bh6 Bxh6 7. Qxh6 b5 8. e5 dxe5 9. dxe5 b4 10. exf6 bxc3 11. bxc3 exf6 12. Bc4 Qe7+ 13. Ne2 Be6 14. Qg7 Qf8 15. Qxf8+ Kxf8 16. Bb3 Nd7 17. Nd4 c5 18. Bxe6 fxe6 19. Nxe6+ Kf7 20. Nc7 Rac8 21. Nb5 Rhe8+ 22. Kd2 Rc6 23. Rhe1 Ne5 24. Re4 a6 25. Na3 f5 26. Rh4 h5 27. Nc4 Nxc4+ 28. Rxc4 Rd6+ 29. Kc1 Re2 30. Kb2 Rdd2 31. Rxc5 Rxf2 32. Rc6 Rxg2 33. Rxa6 Rxc2+ 34. Kb3 Rxh2 35. Rd1 Rb2+ 36. Kc4 Rxa2 37. Rc6 Ra7 38. Rg1 Rh4+ 39. Kb5 Rg4 40. Rd1 Re7 41. c4 f4 42. c5 f3 43. Rdd6 Rf4 44. Rd1 f2 45. Rcd6 f1=Q+ 46. Rxf1 Rxf1 47. c6 Rc1 48. Kb6 Rxc6+ 49. Kxc6 Re6 0-1